 Dungeon Sprint DCSS version 0.21-a0-91-ga5031da (webtiles) character file.

27897 pib the Ruinous (level 13, -6/71 HPs)
             Began as an Octopode Fire Elementalist on June 30, 2017.
             Was the Champion of Sif Muna.
             Killed from afar by a red draconian (12 damage)
             ... with a searing blast
             ... in the Dungeon (Sprint V: "Ziggurat Sprint").
             The game lasted 00:25:29 (1598 turns).

pib the Ruinous (Octopode Fire Elementalist)        Turns: 1598, Time: 00:25:31

Health: -6/71      AC:  1    Str: 19    XL:     13   Next: 35%
Magic:  28/44      EV: 18    Int: 41    God:    Sif Muna [******]
Gold:   0          SH:  0    Dex: 17    Spells: 1/36 levels left

rFire    + . .     SeeInvis .   L - +6 Majin-Bo {vamp, Archmagi MP+6 Int+6}
rCold    . . .     Gourm    .   (shield currently unavailable)
rNeg     + . .     Faith    .   (helmet restricted)
rPois    .         Spirit   .   (no amulet)
rElec    .         Reflect  .   l - ring of positive energy
rCorr    .         Harm     .   T - ring of magical power
MR       .....     NoTele   +   z - +6 ring of intelligence
Stlth    +++.......             A - +6 ring of intelligence
HPRegen  0.21/turn              B - +6 ring of strength
MPRegen  0.29/turn              C - +6 ring of strength
                                Z - ring "Yghemoo" {rF+ Dex+5}
                                O - +4 ring of evasion

@: no status effects
A: almost no armour, stealthy swim, amphibious, 8 rings, constrict 8, camouflage
1, gelatinous body 1
a: Divine Energy, Channel Magic, Forget Spell, Renounce Religion


You were in the Dungeon.
You worshipped Sif Muna.
Sif Muna was exalted by your worship.
You were very hungry.

You visited 1 branch

Inventory:

Hand Weapons
 L - the +6 Majin-Bo (weapon) {vamp, Archmagi MP+6 Int+6}
   (You found it in the Dungeon)

   It inflicts no extra harm, but heals its wielder when it wounds a living foe.
   It affects your intelligence (+6).
   It affects your magic capacity (+6).
 N - the +8 lance "Wyrmbane" {slay drac, rPois rF+ rC+ AC+3}
   (You found it in the Dungeon)

   It affects your AC (+3).
   It protects you from fire.
   It protects you from cold.
   It protects you from poison.
Armour
 M - the +18 shield of the Gong {rElec rN+ MR+ EV-5}
   (You found it in the Dungeon)

   It affects your evasion (-5).
   It insulates you from electricity.
   It protects you from negative energy.
   It affects your resistance to hostile enchantments.
Magical Staves
 g - an uncursed staff of power
 Q - an uncursed staff of conjuration
Jewellery
 l - a ring of positive energy (left tentacle)
 y - a +6 ring of dexterity
 z - a +6 ring of intelligence (on tentacle)
 A - a +6 ring of intelligence (on tentacle)
 B - a +6 ring of strength (on tentacle)
 C - a +6 ring of strength (on tentacle)
 J - an uncursed ring of protection from cold
 O - a +4 ring of evasion (on tentacle)
 T - a ring of magical power (right tentacle)
 Z - the ring "Yghemoo" (on tentacle) {rF+ Dex+5}
   (You found it in the Dungeon)

   [ring of dexterity]

   It affects your dexterity (+5).
   It protects you from fire.
Wands
 D - a wand of disintegration (1/24)
 E - a wand of iceblast (7/15)
 F - a wand of lightning (4/15)
 G - a wand of acid (0/15)
Scrolls
 o - 4 scrolls of amnesia
 p - a scroll of recharging
 q - 8 scrolls of fog
 r - a scroll of holy word
 s - 5 scrolls of identify
 t - 5 scrolls of remove curse
 u - 2 scrolls of fear
 R - 2 scrolls of brand weapon
 V - 4 scrolls of enchant armour
Potions
 c - 9 potions of curing
 d - a potion of heal wounds
 e - 2 potions of haste
 f - 7 potions of magic
 i - 2 potions of brilliance
 j - a potion of invisibility
 k - 3 potions of resistance
 m - 4 potions of agility
 n - 6 potions of might
Books
 a - a book of Unlife

   Spells                             Type                      Level
   a - Recall                         Summoning/Translocation      3
   b - Animate Dead                   Necromancy                   4
   c - Control Undead                 Necromancy                   4
   d - Cigotuvi's Embrace             Necromancy                   5
   e - Death Channel                  Necromancy                   6
   f - Simulacrum                     Ice/Necromancy               6
 H - a book of Fire

   Spells                             Type                      Level
   a - Ignite Poison                  Fire/Transmutation/Poison    3
   b - Fireball                       Conjuration/Fire             5
   c - Bolt of Fire                   Conjuration/Fire             6
   d - Ring of Flames                 Charms/Fire                  7
   e - Ignition                       Fire                         8
 P - Ytheozuq's Collected Works on Malediction
   (You found it in the Dungeon)

   Spells                             Type                      Level
   a - Corona                         Hexes                        1
   b - Inner Flame                    Hexes/Fire                   3
   c - Confuse                        Hexes                        3
   d - Fulminant Prism                Conjuration/Hexes            4
   e - Leda's Liquefaction            Hexes/Earth                  4
   f - Silence                        Hexes/Air                    5
 S - Sif Muna's Handbook of Attacks
   (Sif Muna gifted it to you in the Dungeon)

   Spells                             Type                      Level
   a - Magic Dart                     Conjuration                  1
   b - Dazzling Spray                 Conjuration/Hexes            3
   c - Stone Arrow                    Conjuration/Earth            3
   d - Irradiate                      Conjuration/Transmutation    5
   e - Bolt of Fire                   Conjuration/Fire             6
 U - Sif Muna's Incunabulum of the Harmful Voyage
   (Sif Muna gifted it to you in the Dungeon)

   Spells                             Type                      Level
   a - Searing Ray                    Conjuration                  2
   b - Throw Flame                    Conjuration/Fire             2
   c - Recall                         Summoning/Translocation      3
   d - Throw Icicle                   Conjuration/Ice              4
   e - Sticky Flame                   Conjuration/Fire             4
   f - Bolt of Magma                  Conjuration/Fire/Earth       5
   g - Bolt of Cold                   Conjuration/Ice              6
Miscellaneous
 x - a fan of gales
 I - a crystal ball of energy
 K - a lightning rod (4/4)
 W - a fan of gales
 X - a sack of spiders
 Y - a lamp of fire
Comestibles
 b - 2 bread rations
 v - 42 fruits
 w - 4 meat rations


   Skills:
 - Level 2.0 Dodging
 - Level 2.6 Stealth
 - Level 12.4 Spellcasting
 * Level 21.2 Conjurations
 * Level 19.6 Fire Magic
 - Level 9.4 Invocations
 - Level 8.0 Evocations


You had one spell level left.
You knew the following spells:

 Your Spells              Type           Power        Failure   Level  Hunger
a - Flame Tongue          Conj/Fire      #####        0%          1    None
b - Fireball              Conj/Fire      ########..   0%          5    None
c - Bolt of Fire          Conj/Fire      ########..   1%          6    ##.....
d - Fire Storm            Conj/Fire      ########..   21%         9    #######
e - Ignition              Fire           ########..   2%          8    ######.
f - Bolt of Cold          Conj/Ice       ########..   2%          6    ##.....


Dungeon Overview and Level Annotations

Branches:
Dungeon (1/1)

Altars:
Ashenzari
Cheibriados
Dithmenos
Elyvilon
Fedhas
Gozag
Hepliaklqana
Kikubaaqudgha
Makhleb
Nemelex Xobeh
Okawaru
Qazlal
Ru
Sif Muna
Trog
Uskayaw
Vehumet
Wu Jian
Xom
Yredelemnul
Zin
The Shining One
Beogh
Jiyva
Lugonu


Innate Abilities, Weirdness & Mutations

You cannot wear most types of armour.
You are very stealthy in the water. (Stealth+)
You are amphibious.
You can wear up to eight rings at the same time.
You can use your tentacles to constrict eight enemies at once.
Your skin changes colour to match your surroundings (Stealth+).
Your rubbery body absorbs attacks. (AC +1, EV +1)


Message History

The green draconian is almost dead.
The fireball engulfs the green draconian.
You kill the green draconian!
Sif Muna accepts your kill.
The fireball engulfs the red draconian.
The red draconian resists.
The red draconian is almost dead.
The fireball engulfs the red draconian.
The red draconian resists.
The red draconian is heavily wounded.
The fireball engulfs the tentacled monstrosity.
The tentacled monstrosity resists.
The tentacled monstrosity is severely wounded.
The fireball engulfs the storm dragon.
The storm dragon is severely wounded.
You are feeling very hungry.
The storm dragon breathes lightning at you.
The bolt of lightning hits you!
* * * LOW HITPOINT WARNING * * *
The red draconian breathes flames at you.
The searing blast hits you! You resist.
You die...

▓%..))...▓.
▓...)[d)}?..▓........▓.
▓.....)X.D..▓▓▓▓▓▓▓▓▓▓▓
▓....d..)...▓...8©8.:.▓
▓.....d.....▓..[))....▓
▓...........▓....|....▓
▓...........▓.........▓
▓...........▓.........▓
▓.....@.....▓.........▓
▓...........▓.........▓
▓▓▓▓▓▓▓▓▓▓▓▓▓.▓.....▓.▓
▓v...8©8....▓.........▓
▓..)||"!"[..▓▓▓▓▓▓▓▓▓▓▓
▓...)DD|)§..▓...8©8...▓
▓...h.D.....▓..:).):..▓
▓.vh.R.D....▓...)=)...▓
▓...§.R.....▓.........▓


You could see a tentacled monstrosity, a storm dragon and 3 draconians.

Vanquished Creatures
  2 Orb Guardians (D)
  A deep elf master archer (D)
  A deep elf blademaster (D)
  A deep elf sorcerer (D)
  2 green draconians (D)
  A black draconian (D)
  A white draconian (D)
  A mummy priest (D)
  A deep elf high priest (D)
  A spriggan air mage (D)
  4 two-headed ogres (D)
  A dancing weapon (D)
  3 spriggan berserkers (D)
  A shambling mangrove (D)
  2 deep elf magi (D)
  An oklob plant (D)
  2 ugly things (D)
  A large abomination (D)
  A shining eye (D)
  A moth of wrath (D)
  A naga mage (D)
  A smoke demon (D)
  2 yaktaurs (D)
  A guardian mummy (D)
  A jumping spider (shapeshifter) (D)
  3 hornets (D)
  7 starcursed masses (D)
  An air elemental (D)
  2 flying skulls (D)
  A water elemental (D)
  2 yaks (D)
  A fire elemental (D)
  2 neqoxecs (D)
  A naga (D)
  3 water moccasins (D)
  2 hell hounds (D)
  2 porcupines (D)
  A small abomination (D)
  A bullfrog (D)
  An earth elemental (D)
  2 iron imps (D)
  An orc priest (D)
  3 orc wizards (D)
  7 mummies (D)
  An adder (D)
  A river rat (D)
  2 white imps (D)
  An orc (D)
  3 ball pythons (D)
  A bat skeleton (D)
  A giant cockroach zombie (D)
  A jackal skeleton (D)
  A butterfly (D)
90 creatures vanquished.

Vanquished Creatures (others)
  A spatial maelstrom (D)
  A starcursed mass (D)
2 creatures vanquished.

Grand Total: 92 creatures vanquished

Notes
Turn   | Place    | Note
-------+----------+-------------------------------------------
     0 | D        | pib the Octopode Fire Elementalist began the quest for the Orb.
     0 | D        | Reached XP level 1. HP: 11/11 MP: 3/3
     0 | D        | Found a deep blue altar of Sif Muna.
     0 | D        | Found a sacrificial altar of Ru.
     0 | D        | Found a bloodstained altar of Trog.
     0 | D        | Found a stormy altar of Qazlal.
     0 | D        | Found an iron altar of Okawaru.
     0 | D        | Found a sparkling altar of Nemelex Xobeh.
     0 | D        | Found a blossoming altar of Fedhas.
     0 | D        | Banished a spatial maelstrom
     2 | D        | Found a transporter.
     2 | D        | Found an ancient bone altar of Kikubaaqudgha.
     2 | D        | Found a viscous altar of Jiyva.
     2 | D        | Found a corrupted altar of Lugonu.
     2 | D        | Found a hazy altar of Hepliaklqana.
     2 | D        | Found a burning altar of Makhleb.
     2 | D        | Found an opulent altar of Gozag.
    19 | D        | Became a worshipper of Sif Muna the Loreminder
    49 | D        | Reached XP level 2. HP: 17/17 MP: 4/7
    82 | D        | Entered arena 2.
    82 | D        | Noticed a yaktaur
    82 | D        | Noticed a yaktaur
    82 | D        | Found a transporter.
    85 | D        | Killed a yaktaur
    85 | D        | Reached * piety under Sif Muna
    85 | D        | Reached ** piety under Sif Muna
    85 | D        | Reached *** piety under Sif Muna
    85 | D        | Reached skill level 5 in Conjurations
    85 | D        | Reached XP level 3. HP: 2/21 MP: 9/9
    85 | D        | Reached XP level 4. HP: 3/27 MP: 10/10
    85 | D        | Reached XP level 5. HP: 4/31 MP: 12/12
    85 | D        | Reached XP level 6. HP: 4/36 MP: 13/13
    86 | D        | Killed a yaktaur
    86 | D        | Reached **** piety under Sif Muna
    86 | D        | Reached skill level 5 in Spellcasting
    86 | D        | Reached skill level 6 in Conjurations
    86 | D        | Reached skill level 10 in Fire Magic
    86 | D        | Reached XP level 7. HP: 5/41 MP: 13/15
   363 | D        | Learned a level 5 spell: Fireball
   367 | D        | Entered arena 3.
   367 | D        | Found a transporter.
   371 | D        | Reached skill level 7 in Conjurations
   377 | D        | Identified Ytheozuq's Collected Works on Malediction (You found it in the Dungeon)
   477 | D        | Entered arena 4.
   477 | D        | Found a transporter.
   479 | D        | Reached ***** piety under Sif Muna
   479 | D        | Received a gift from Sif Muna
   479 | D        | Reached skill level 8 in Conjurations
   479 | D        | Reached XP level 8. HP: 46/46 MP: 17/17
   494 | D        | Entered arena 5.
   494 | D        | Noticed a two-headed ogre
   494 | D        | Noticed a two-headed ogre
   494 | D        | Noticed a two-headed ogre
   494 | D        | Noticed a two-headed ogre
   494 | D        | Found a transporter.
   497 | D        | Killed a two-headed ogre
   497 | D        | Reached skill level 10 in Conjurations
   497 | D        | Killed a two-headed ogre
   497 | D        | Identified Sif Muna's Handbook of Attacks (Sif Muna gifted it to you in the Dungeon)
   497 | D        | Received a gift from Sif Muna
   497 | D        | Reached skill level 11 in Conjurations
   497 | D        | Reached XP level 9. HP: 51/51 MP: 2/21
   500 | D        | Killed a two-headed ogre
   500 | D        | Reached skill level 12 in Conjurations
   502 | D        | Killed a two-headed ogre
   502 | D        | Identified Uwamecax's Papyrus of Virous Calling (Sif Muna gifted it to you in the Dungeon)
   502 | D        | Received a gift from Sif Muna
   502 | D        | Reached XP level 10. HP: 56/56 MP: 9/23
   511 | D        | Learned a level 6 spell: Bolt of Fire
   578 | D        | Entered arena 6.
   578 | D        | Found a transporter.
   631 | D        | Entered arena 7.
   631 | D        | Noticed a cyan ugly thing
   631 | D        | Noticed a shining eye
   631 | D        | Noticed a white ugly thing
   635 | D        | Reached skill level 13 in Conjurations
   636 | D        | Killed a white ugly thing
   637 | D        | Killed a shining eye
   637 | D        | Identified Sif Muna's Almanac of Enchantment (Sif Muna gifted it to you in the Dungeon)
   637 | D        | Received a gift from Sif Muna
   637 | D        | Reached skill level 14 in Conjurations
   639 | D        | Killed a cyan ugly thing
   645 | D        | Found a transporter.
   652 | D        | Got the ring "Yghemoo" {rF+ Dex+5}
   691 | D        | Entered arena 8.
   694 | D        | Reached ****** piety under Sif Muna
   694 | D        | Reached skill level 15 in Conjurations
   695 | D        | Found a transporter.
   769 | D        | Entered arena 9.
   769 | D        | Noticed a smoke demon
   769 | D        | Noticed a large abomination
   769 | D        | Noticed a starcursed mass
   771 | D        | Received a gift from Sif Muna
   772 | D        | Killed a large abomination
   778 | D        | Killed a starcursed mass
   783 | D        | Killed a starcursed mass
   783 | D        | Paralysed by accursed screaming for 1 turns
   786 | D        | Found a transporter.
   796 | D        | Reached skill level 16 in Conjurations
   796 | D        | Killed a smoke demon
   796 | D        | Identified Ustun's Reference Book on Dislocation and Attacks (Sif Muna gifted it to you in the Dungeon)
   796 | D        | Received a gift from Sif Muna
   796 | D        | Reached XP level 11. HP: 34/61 MP: 7/24
   819 | D        | Identified Sif Muna's Incunabulum of the Harmful Voyage (Sif Muna gifted it to you in the Dungeon)
   948 | D        | Learned a level 9 spell: Fire Storm
   956 | D        | Entered arena 10.
   956 | D        | Noticed a mummy priest
   961 | D        | Killed a mummy priest
   962 | D        | Received a gift from Sif Muna
   963 | D        | Found a transporter.
  1041 | D        | Learned a level 8 spell: Ignition
  1102 | D        | Entered arena 11.
  1103 | D        | Reached skill level 10 in Spellcasting
  1103 | D        | Reached skill level 17 in Conjurations
  1106 | D        | Found a transporter.
  1275 | D        | Entered arena 12.
  1275 | D        | Noticed an oklob plant
  1275 | D        | Noticed a spriggan air mage
  1276 | D        | Noticed a spriggan berserker
  1277 | D        | Noticed a spriggan berserker
  1277 | D        | Noticed a shambling mangrove
  1279 | D        | Killed a spriggan berserker
  1279 | D        | Reached skill level 15 in Fire Magic
  1281 | D        | Noticed a spriggan berserker
  1281 | D        | Killed a spriggan berserker
  1284 | D        | Identified Ririd's Tome of Confrontation (Sif Muna gifted it to you in the Dungeon)
  1284 | D        | Received a gift from Sif Muna
  1286 | D        | Killed a spriggan air mage
  1287 | D        | Killed a spriggan berserker
  1290 | D        | Killed a shambling mangrove
  1290 | D        | Reached skill level 18 in Conjurations
  1296 | D        | Identified Sif Muna's Grimoire of the Snowflakes (Sif Muna gifted it to you in the Dungeon)
  1296 | D        | Received a gift from Sif Muna
  1302 | D        | Found a transporter.
  1305 | D        | Killed an oklob plant
  1346 | D        | Identified Kiul's Compendium of Ghastly Air (You found it in the Dungeon)
  1463 | D        | Entered arena 13.
  1463 | D        | Noticed a vampiric halberd
  1463 | D        | Noticed a deep elf master archer
  1463 | D        | Noticed a deep elf high priest
  1464 | D        | Killed a deep elf mage
  1464 | D        | Reached XP level 12. HP: 66/66 MP: 27/27
  1464 | D        | Killed a deep elf master archer
  1464 | D        | Identified Sif Muna's Reference Book on the Compass and Flight (Sif Muna gifted it to you in the Dungeon)
  1464 | D        | Received a gift from Sif Muna
  1464 | D        | Killed a deep elf sorcerer
  1464 | D        | Reached skill level 19 in Conjurations
  1464 | D        | Killed a deep elf high priest
  1465 | D        | Noticed a deep elf blademaster
  1465 | D        | Killed a deep elf blademaster
  1465 | D        | Identified Sif Muna's Guide on Bewitchment and Combat Magic (Sif Muna gifted it to you in the Dungeon)
  1465 | D        | Received a gift from Sif Muna
  1472 | D        | Found a transporter.
  1495 | D        | Learned a level 6 spell: Bolt of Cold
  1541 | D        | Entered arena 14.
  1543 | D        | Noticed a fire dragon
  1544 | D        | Noticed a fire dragon
  1544 | D        | Noticed a fire dragon
  1544 | D        | Noticed a fire dragon
  1547 | D        | Found a transporter.
  1549 | D        | Entered arena 15.
  1595 | D        | Noticed an Orb Guardian
  1595 | D        | Noticed a red draconian
  1595 | D        | Noticed a green draconian
  1595 | D        | Noticed a black draconian
  1595 | D        | Noticed an Orb Guardian
  1596 | D        | Noticed a red draconian
  1596 | D        | Noticed a storm dragon
  1596 | D        | Killed an Orb Guardian
  1596 | D        | Identified Sif Muna's Disquisition on Attacks (Sif Muna gifted it to you in the Dungeon)
  1596 | D        | Received a gift from Sif Muna
  1596 | D        | Reached skill level 20 in Conjurations
  1596 | D        | Reached XP level 13. HP: 19/71 MP: 29/29
  1596 | D        | Killed a green draconian
  1597 | D        | Noticed a white draconian
  1597 | D        | Noticed a tentacled monstrosity
  1598 | D        | Noticed a green draconian
  1598 | D        | Killed a white draconian
  1598 | D        | Killed an Orb Guardian
  1598 | D        | Identified Qiox's Almanac of Destructive Ice (Sif Muna gifted it to you in the Dungeon)
  1598 | D        | Received a gift from Sif Muna
  1598 | D        | Killed a black draconian
  1598 | D        | Reached skill level 21 in Conjurations
  1598 | D        | Killed a green draconian
  1598 | D        | Killed from afar by a red draconian

Vault maps used:
D:        sprint_v

Skill      XL: |  1  2  3  4  5  6  7  8  9 10 11 12 13 |
---------------+----------------------------------------+-----
Evocations     | 8 |  8.0
Spellcasting   | 4 5 6 8 9 11 12 | 12.4
Conjurations   | 5 6 8 11 12 16 18 20 21 | 21.2
Fire Magic     | 8 10 11 12 13 16 18 19 | 19.6
Invocations    | 4 9 |  9.4
Dodging        | |  2.0
Stealth        | |  2.6

Action                   |  1- 3 |  4- 6 |  7- 9 | 10-12 | 13-15 || total
-------------------------+-------+-------+-------+-------+-------++-------
Melee: Staff             |       |       |       |     1 |       ||     1
 Cast: Fireball          |       |       |     5 |    26 |       ||    31
       Bolt of Fire      |       |       |       |    19 |       ||    19
       Ignition          |       |       |       |     3 |     2 ||     5
       Bolt of Cold      |       |       |       |     1 |       ||     1
Invok: Channel Magic     |       |       |     1 |     4 |       ||     5
Evoke: Wand              |     2 |     1 |     6 |    13 |       ||    22
       Fan of gales      |       |       |       |     1 |       ||     1
  Use: Potion            |     1 |       |       |    16 |     1 ||    18
       Scroll            |       |       |     1 |     5 |       ||     6
 Stab: Invisible         |       |       |       |     1 |       ||     1
  Eat: Chunk             |       |       |       |     2 |       ||     2
       Bread ration      |       |       |       |     3 |       ||     3
Dodge: Dodged            |       |       |       |     6 |     1 ||     7
Block: Shield            |     1 |     1 |     4 |    12 |       ||    18
